 Dungeon Crawl Stone Soup version 0.30.0-29-ga12c61a403 (webtiles) character file.

Game seed: 8001019980218104275

143 GimliDwarf the Ducker (level 5, -1/37 HPs)
             Began as a Gnoll Wanderer on June 14, 2023.
             Was a Follower of Okawaru.
             Succumbed to a kobold brigand's curare-tipped dart
             ... on level 3 of the Dungeon.
             The game lasted 00:10:25 (3151 turns).

GimliDwarf the Ducker (Gnoll Wanderer)              Turns: 3151, Time: 00:10:26

Health: -1/37      AC:  4    Str: 10    XL:     5   Next: 25%
Magic:  10/12      EV: 14    Int: 15    God:    Okawaru [*.....]
Gold:   275        SH:  0    Dex: 11    Spells: 10/14 levels left

rFire   . . .        r - +2 flail (protect)
rCold   . . .        (no shield)
rNeg    . . .        d - +0 robe
rPois   .            b - +0 helmet
rElec   .            j - +0 cloak
rCorr   .            (no gloves)
SInv    .            (no boots)
Will    .....        (no amulet)
Stlth   ++           (no ring)
HPRegen 0.26/turn    (no ring)
MPRegen 0.13/turn

%: no passive effects
@: lethally poisoned (-1 -> -3), slowed, very slow
A: fangs 1, strong nose, distributed training
a: Renounce Religion, Heroism


You were on level 3 of the Dungeon.
You worshipped Okawaru.
Okawaru was aware of your devotion.
You visited 1 branch of the dungeon, and saw 3 of its levels.

You collected 275 gold pieces.

Inventory:

Hand Weapons
 a - a +2 short sword
 r - a +2 flail of protection (weapon)
Missiles
 s - a throwing net
Armour
 b - a +0 helmet (worn)
 d - a +0 robe (worn)
 j - a +0 cloak (worn)
 o - an orb of light
Magical Staves
 i - a staff of earth
Scrolls
 e - a scroll of fear {unknown}
 f - 2 scrolls of identify {unknown}
 k - 3 scrolls of teleportation {unknown}
 p - a scroll of enchant weapon {unknown}
Potions
 c - a potion of attraction
 g - 5 potions of curing {unknown}
 h - 3 potions of haste {unknown}
 l - a potion of magic {unknown}
 m - 2 potions of mutation {unknown}
 n - a potion of heal wounds {unknown}
 q - a potion of degeneration {unknown}


   Skills:
 + Level 1.4 Fighting
 + Level 6.7 Short Blades
 + Level 1.4 Long Blades
 + Level 1.4 Axes
 + Level 1.4 Maces & Flails
 + Level 1.4 Polearms
 + Level 1.4 Staves
 + Level 1.4 Ranged Weapons
 + Level 1.4 Throwing
 + Level 1.4 Armour
 + Level 6.7 Dodging
 + Level 1.4 Stealth
 + Level 1.4 Shields
 + Level 1.4 Unarmed Combat
 + Level 5.2 Spellcasting
 + Level 1.1 Conjurations
 + Level 1.1 Hexes
 + Level 1.1 Summonings
 + Level 1.1 Necromancy
 + Level 1.1 Translocations
 + Level 1.1 Transmutations
 + Level 1.1 Fire Magic
 + Level 1.1 Ice Magic
 + Level 1.1 Air Magic
 + Level 1.1 Earth Magic
 + Level 3.9 Poison Magic
 + Level 1.6 Invocations
 + Level 1.4 Evocations


You had 10 spell levels left.
You knew the following spells:

 Your Spells              Type           Power      Damage    Failure   Level
a - Sting                 Tmut/Pois      44%        1d5       5%          1
b - Ignite Poison         Fire/Tmut/Pois 10%        N/A       21%         3

Your spell library contained the following spells:

 Spells                   Type           Power      Damage    Failure   Level
 Blink                    Tloc           14%        N/A       16%         2
 Lesser Beckoning         Tloc           14%        N/A       16%         2
 Momentum Strike          Conj/Tloc      14%        3d8       16%         2
 Dazzling Flash           Conj/Hex       14%        N/A       30%         3
 Gell's Gravitas          Tloc           7%         N/A       30%         3
 Teleport Other           Tloc           7%         N/A       30%         3
 Volatile Blastmotes      Fire/Tloc      14%        2d11      30%         3
 Iskenderun's Mystic Bla  Conj/Tloc      7%         2d4       69%         4
 Starburst                Conj/Fire      3%         6d3       100%        6


Dungeon Overview and Level Annotations

Branches:
Dungeon (3/15)

Altars:
Okawaru

Annotations:
D:3 3 runed translucent doors, seaoflcl's ghost, amateur MiFi


Innate Abilities, Weirdness & Mutations

You have very sharp teeth.
Your uncanny sense of smell can sniff out nearby items.
Your experience applies equally to all skills.


Message History

Aiming: Sting (safe; 5% risk of failure)
Press: ? - help, Q - select action, (/) - cycle Shift-Dir - straight line, f/p - kobold brigand
Aim: a kobold brigand, wielding a +0 short sword and quivering curare-tipped darts (lightly wounded, poisoned, 64% to hit)
The sting hits the kobold brigand.
The kobold brigand looks even sicker.
The kobold brigand is moderately wounded.
You feel very sick.
The kobold brigand throws a curare-tipped dart.
The curare-tipped dart hits you.
You are more poisoned.
You have difficulty breathing.
You feel as though you will be slow longer.
Aiming: Sting (safe; 5% risk of failure)
Press: ? - help, Q - select action, (/) - cycle Shift-Dir - straight line, f/p - kobold brigand
Aim: a kobold brigand, wielding a +0 short sword and quivering curare-tipped darts (heavily wounded, very poisoned, 64% to hit)
Okay, then.
Okay, then.
You feel extremely sick.
* * * LOW HITPOINT WARNING * * *
You feel very sick.
Aiming: Sting (safe; 5% risk of failure)
Press: ? - help, Q - select action, (/) - cycle Shift-Dir - straight line, f/p - kobold brigand
Aim: a kobold brigand, wielding a +0 short sword and quivering curare-tipped darts (heavily wounded, very poisoned, 64% to hit)
The sting misses the kobold brigand.
* * * LOW HITPOINT WARNING * * *
You feel very sick.
You barely miss the kobold brigand.
The kobold brigand is severely wounded.
* * * LOW HITPOINT WARNING * * *
You feel very sick. The kobold brigand misses you.
The kobold brigand hits you but does no damage.
You hit the kobold brigand.
Your weapon exudes an aura of protection.
The kobold brigand is almost dead.
* * * LOW HITPOINT WARNING * * *
You feel sick. The kobold brigand closely misses you.
The kobold brigand hits you but does no damage.
You closely miss the kobold brigand. Your punch misses the kobold brigand.
The kobold brigand is almost dead.
You die...

#.#########.............###.#
#####################.....# #.#
............ ..##.....# #.#
#..........#######.##.....# #.#
.................#.##.....# #.#
...................>......###.#
..............................#
...........#####K#..#####.#####
................@#......#.#######
............###..#...#...........
............#....#...####.#######
.......####.#.#..#.............#
.......# #.#.#..#...#.........#
####..#####.#.##.#..##.........#
.SW#......#......#..##.........#
..B#..###.###.####..##.........#
...+........#.# #..##.........#


You could see a kobold brigand (poisoned).

Vanquished Creatures
  3 gnolls (D:3)
  3 adders
  2 dart slugs
  3 ball pythons
  7 bats
  5 endoplasms
  3 giant cockroaches (D:1)
  3 goblins
  13 hobgoblins
  6 jackals
  2 quokkas
  3 frilled lizards
  26 kobolds
  3 rats
82 creatures vanquished.

Notes
Turn   | Place    | Note
-------+----------+-------------------------------------------
     0 | D:1      | GimliDwarf the Gnoll Wanderer began the quest for the Orb.
     0 | D:1      | GimliDwarf set off with the following items: a +2 short
                  | sword, a +0 helmet, a potion of attraction, a +0 robe; and
                  | the following spell memorised: Sting; and the following
                  | spells available to memorise: Ignite Poison.
     0 | D:1      | Reached XP level 1. HP: 13/13 MP: 6/6
   171 | D:1      | Reached XP level 2. HP: 16/19 MP: 1/7
   805 | D:1      | Reached skill level 5 in Spellcasting
   805 | D:1      | Reached XP level 3. HP: 25/25 MP: 6/9
  1197 | D:2      | Found a faded altar of an unknown god.
  1233 | D:2      | Prayed at the altar of an unknown god.
  1233 | D:2      | Became a worshipper of Warmaster Okawaru
  1233 | D:2      | Reached * piety under Okawaru
  1294 | D:2      | Reached skill level 1 in Invocations
  1342 | D:2      | Reached skill level 1 in Fighting
  1342 | D:2      | Reached skill level 1 in Long Blades
  1342 | D:2      | Reached skill level 1 in Axes
  1342 | D:2      | Reached skill level 1 in Maces & Flails
  1342 | D:2      | Reached skill level 1 in Polearms
  1342 | D:2      | Reached skill level 1 in Staves
  1342 | D:2      | Reached skill level 1 in Ranged Weapons
  1342 | D:2      | Reached skill level 1 in Throwing
  1342 | D:2      | Reached skill level 1 in Armour
  1342 | D:2      | Reached skill level 1 in Stealth
  1342 | D:2      | Reached skill level 1 in Shields
  1342 | D:2      | Reached skill level 1 in Unarmed Combat
  1342 | D:2      | Reached skill level 1 in Evocations
  1409 | D:2      | Learned a level 3 spell: Ignite Poison
  1424 | D:2      | Reached XP level 4. HP: 31/32 MP: 4/11
  1951 | D:3      | Found a runed translucent gate.
  1962 | D:3      | Found a runed translucent gate.
  1963 | D:3      | Found a runed translucent gate.
  1964 | D:3      | Noticed seaoflcl's ghost (amateur MiFi)
  2134 | D:3      | Reached skill level 1 in Conjurations
  2134 | D:3      | Reached skill level 1 in Hexes
  2134 | D:3      | Reached skill level 1 in Summonings
  2134 | D:3      | Reached skill level 1 in Necromancy
  2134 | D:3      | Reached skill level 1 in Translocations
  2134 | D:3      | Reached skill level 1 in Transmutations
  2134 | D:3      | Reached skill level 1 in Fire Magic
  2134 | D:3      | Reached skill level 1 in Ice Magic
  2134 | D:3      | Reached skill level 1 in Air Magic
  2134 | D:3      | Reached skill level 1 in Earth Magic
  2538 | D:3      | Reached XP level 5. HP: 20/37 MP: 1/12
  2742 | D:3      | Noticed a kobold brigand
  2742 | D:3      | Noticed a kobold brigand
  3150 | D:3      | HP: 1/37 [poisoned by a kobold brigand (curare-tipped
                  | dart)]
  3151 | D:3      | Succumbed to a kobold brigand's curare-tipped dart

Illustrated notes

Levels and vault maps discovered:
D:1:      lemuel_arrival_river_bridge, layout_basic
D:2:      layout_basic, chequers_ecumenical_altar_island,
          hangedman_abyss_or_decor_lesser_grid, nicolae_elevator_lobby_asterisk
D:3:      minmay_goblin_kobold_castle, layout_basic, gammafunk_ghost_split

Skill      XL: |  1  2  3  4 |
---------------+-------------+-----
Spellcasting   | 5 |  5.2
Invocations    | 1 |  1.6
Fighting       | 1 |  1.4
Long Blades    | 1 |  1.4
Axes           | 1 |  1.4
Maces & Flails | 1 |  1.4
Polearms       | 1 |  1.4
Staves         | 1 |  1.4
Ranged Weapons | 1 |  1.4
Throwing       | 1 |  1.4
Armour         | 1 |  1.4
Stealth        | 1 |  1.4
Shields        | 1 |  1.4
Unarmed Combat | 1 |  1.4
Evocations     | 1 |  1.4
Conjurations   | 1 |  1.1
Hexes          | 1 |  1.1
Summonings     | 1 |  1.1
Necromancy     | 1 |  1.1
Translocations | 1 |  1.1
Transmutations | 1 |  1.1
Fire Magic     | 1 |  1.1
Ice Magic      | 1 |  1.1
Air Magic      | 1 |  1.1
Earth Magic    | 1 |  1.1
Short Blades   | |  6.7
Dodging        | |  6.7
Poison Magic   | |  3.9

Action                     |  1- 3 |  4- 6 || total
---------------------------+-------+-------++-------
  Melee: Short sword       |    36 |    31 ||    67
         Bite              |     2 |     5 ||     7
         Flail             |       |    17 ||    17
         Punch             |       |     1 ||     1
   Cast: Sting             |    52 |    60 ||   112
 Armour: Robe              |    14 |    15 ||    29
  Dodge: Dodged            |    35 |    57 ||    92
